 Dungeon Crawl Stone Soup version 0.28-b1-1-g3c77fb2ed1 (webtiles) character file.

Game seed: 14522949470753295358

120 zeram the Sneak (level 5, -1/34 HPs)
             Began as an Octopode Brigand on Jan 29, 2022.
             Slain by an orc (3 damage)
             ... on level 3 of the Dungeon.
             The game lasted 00:03:02 (1458 turns).

zeram the Sneak (Octopode Brigand)                  Turns: 1458, Time: 00:03:03

Health: -1/34      AC:  1    Str: 10 (11) XL:     5   Next: 4%
Magic:  5/5        EV: 12    Int: 12 (15) God:
Gold:   62         SH:  5    Dex: 11 (13) Spells: 4/4 levels left

rFire   . . .      SeeInvis .   a - +2 dagger
rCold   . . .      Faith    .   d - +1 buckler {reflect}
rNeg    . . .      Spirit   .   (helmet restricted)
rPois   .          Reflect  +   (no amulet)
rElec   .          Harm     .   (no ring)
rCorr   .          Rampage  .   (no ring)
Will    .....                   (no ring)
Stlth   ++++......              (no ring)
HPRegen 0.11/turn               (no ring)
MPRegen 0.09/turn               (no ring)
                                (no ring)
                                (no ring)

@: about to teleport
A: almost no armour, amphibious, 8 rings, camouflage 1, gelatinous body 1,
(nimble swimmer 1), tentacles
a: no special abilities


You were on level 3 of the Dungeon.
You visited 1 branch of the dungeon, and saw 3 of its levels.

You collected 62 gold pieces.

Inventory:

Hand Weapons
 a - a +2 dagger (weapon)
Missiles
 b - 8 poisoned darts (quivered)
 c - 2 curare-tipped darts
Armour
 d - a +1 buckler of reflection (worn)
Scrolls
 e - a scroll of teleportation
 f - 2 scrolls of amnesia
 h - 2 scrolls of identify {unknown}
 i - a scroll of fog {unknown}
 j - 2 scrolls of enchant weapon {unknown}


   Skills:
 - Level 2.0 Fighting
 + Level 2.9 Short Blades
 - Level 2.0 Throwing
 + Level 1.5 Dodging
 + Level 7.1 Stealth
 * Level 1.6 Shields


You had 4 spell levels left.
You didn't know any spells.
Your spell library contained the following spells:

 Spells                   Type           Power      Damage    Failure   Level
 Animate Skeleton         Necr           0%         N/A       41%         1
 Apportation              Tloc           0%         N/A       41%         1
 Summon Small Mammal      Summ           0%         N/A       41%         1
 Call Canine Familiar     Summ           0%         N/A       78%         3
 Summon Guardian Golem    Hex/Summ       0%         N/A       78%         3


Dungeon Overview and Level Annotations

Branches:
Dungeon (3/15)

Altars:
Ashenzari
Cheibriados
Gozag
Nemelex Xobeh
Yredelemnul


Innate Abilities, Weirdness & Mutations

You cannot wear most types of armour.
You are amphibious.
You can wear up to eight rings at the same time.
Your skin changes colour to match your surroundings (Stealth+).
Your rubbery body absorbs attacks. (AC +1, EV +1)
((You are camouflaged when in or above water. (Stealth+)))
You have tentacles for arms and can constrict up to eight enemies at once.


Message History

An orc comes into view. It is wielding a +0 hand axe.
You hit the orc wizard. Your grab misses the orc wizard.
Your squeeze misses the orc wizard.
The orc wizard is moderately wounded.
The orc shouts!
You hear a shout! x3
You barely miss the orc. You grab the orc. You squeeze the orc!
You kill the orc!
An orc comes into view. It is wielding a +0 flail.
The orc wizard casts a spell.
The orc wizard flickers and vanishes!
Deactivating autopickup; reactivate with Ctrl-A.
The orc hits you with a +0 hand axe.
You barely miss the orc. Your grab misses the orc.
The orc hits you with a +0 flail! The orc completely misses you.
You hit the orc. You grab the orc. You squeeze the orc, but do no damage.
The orc is moderately wounded.
You constrict the orc. The orc closely misses you.
The orc hits you with a +0 hand axe.
You hit the orc.
The orc is severely wounded.
You constrict the orc. The orc barely misses you.
The orc hits you with a +0 hand axe.
Okay, then.
As you read the scroll labelled TYAFIL AKIPSAH, it crumbles to dust.
It is a scroll of amnesia.
You feel forgetful for a moment.
You constrict the orc.
You kill the orc!
The orc hits you with a +0 flail!
* * * LOW HITPOINT WARNING * * *
An orc comes into view. It is wielding a +0 hand axe.
It was a potion of degeneration.
There was something very wrong with that liquid.
You feel weakened.
You feel dopey.
You feel clumsy. You block the orc's attack. The orc closely misses you.
You aren't carrying any potions.
Unknown command.
As you read the scroll labelled JUPSEL OWYIKHA, it crumbles to dust.
You feel strangely unstable.
It was a scroll of teleportation.
The orc hits you with a +0 flail.
You die...

#. #......._. # #.#
#....$.... .
#.#########.._..⌠... .
#...................
.##
###..##.####...._..._.
#.. .....##.#
#)#........
#.#####.###.#
#{###....##
............# #o#
.#### .........##.#
#@# .. #.#####..##.#
#o# ## #.# #..##.# #.#
#.#####..##.# #.#
............# #.o
.....<#...... ...
.##.....###.. ### ..
.....# ## .........


You could see 3 orcs.

Vanquished Creatures
  A hound (D:3)
  A jelly (D:2)
  2 worms (D:2)
  A dart slug (D:1)
  2 orcs (D:3)
  5 endoplasms
  2 giant cockroaches (D:1)
  4 goblins
  2 hobgoblins (D:1)
  6 jackals (D:1)
  3 quokkas
  3 bats
  8 kobolds
  5 rats
45 creatures vanquished.

Notes
Turn   | Place    | Note
-------+----------+-------------------------------------------
     0 | D:1      | zeram the Octopode Brigand began the quest for the Orb.
     0 | D:1      | Reached XP level 1. HP: 14/14 MP: 1/1
    78 | D:1      | Reached XP level 2. HP: 16/19 MP: 2/2
    92 | D:1      | Reached skill level 6 in Stealth
   401 | D:1      | Identified a scroll of acquirement
   401 | D:1      | Acquired a +1 buckler of reflection
   597 | D:1      | Reached XP level 3. HP: 20/24 MP: 3/3
   765 | D:1      | Found a faded altar of an unknown god.
   864 | D:1      | You fall into a shaft and drop 1 floor!
   943 | D:2      | Reached skill level 1 in Shields
   943 | D:2      | Reached XP level 4. HP: 29/29 MP: 4/4
  1429 | D:3      | Reached skill level 7 in Stealth
  1429 | D:3      | Reached XP level 5. HP: 34/34 MP: 5/5
  1437 | D:3      | Found a broken altar of Ashenzari.
  1438 | D:3      | Found a basalt altar of Yredelemnul.
  1440 | D:3      | Found a sparkling altar of Nemelex Xobeh.
  1442 | D:3      | Found a snail-covered altar of Cheibriados.
  1442 | D:3      | Found an opulent altar of Gozag.
  1456 | D:3      | HP: 1/34 [orc (10)]
  1458 | D:3      | Slain by an orc

Illustrated notes

Levels and vault maps discovered:
D:1:      minmay_arrival_stair_chambers, layout_rooms,
          hellmonk_ecumenical_altar_slurped_away
D:2:      layout_rooms, minmay_between
D:3:      layout_loops_ring, grunt_temple_overflow_open, serial_shops, shop,
          kennysheep_boxes

Skill      XL: |  1  2  3  4 |
---------------+-------------+-----
Stealth        | 6 7 |  7.1
Shields        | 1 |  1.6
Fighting       | |  2.0
Short Blades   | |  2.9
Throwing       | |  2.0
Dodging        | |  1.5

Action                   |  1- 3 |  4- 6 || total
-------------------------+-------+-------++-------
Melee: Dagger            |    64 |    25 ||    89
       Constrict         |    13 |     5 ||    18
       Tentacles         |    11 |     4 ||    15
Throw: Dart              |     6 |       ||     6
  Use: Scroll            |     1 |     2 ||     3
       Potion            |       |     1 ||     1
 Stab: Sleeping          |     4 |     7 ||    11
       Distracted        |     1 |       ||     1
Armor: Skin              |     5 |       ||     5
Dodge: Dodged            |    23 |    11 ||    34
Block: Buckler           |     6 |     4 ||    10
